 Dungeon Crawl Stone Soup version 0.22-a0-293-gc9362ec4a2 (webtiles) character file.

42 Infinimo the Insei (level 3, 0/27 HPs)
             Began as a Merfolk Transmuter on Mar 24, 2018.
             Slain by a kobold
             ... wielding a +0 spear
              (2 damage)
             ... on level 2 of the Dungeon.
             The game lasted 00:03:17 (1521 turns).

Infinimo the Insei (Merfolk Transmuter)             Turns: 1521, Time: 00:03:18

Health: 0/27       AC:  3    Str: 10    XL:     3   Next: 56%
Magic:  5/6        EV: 13    Int: 13    God:
Gold:   89         SH:  0    Dex: 14    Spells: 5/6 levels left

rFire    . . .     SeeInvis .     - Unarmed
rCold    . . .     Gourm    .   (no shield)
rNeg     . . .     Faith    .   b - +0 robe
rPois    .         Spirit   .   (no helmet)
rElec    .         Reflect  .   i - +0 cloak
rCorr    .         Harm     .   (no gloves)
MR       .....                  (no boots)
Stlth    +.........             (no amulet)
HPRegen  0.09/turn              (no ring)
MPRegen  0.10/turn              (no ring)

@: lethally poisoned (0 -> -8), appendage, hasted, very quick
A: change form in water, swift swim, stealthy swim, horns 2
a: End Transformation


You were on level 2 of the Dungeon.
You were not hungry.
You had grown temporary horns.
You visited 1 branch of the dungeon, and saw 2 of its levels.

You collected 89 gold pieces.

Inventory:

Missiles
 a - 45 arrows
Armour
 b - a +0 robe (worn)
 i - a +0 cloak (worn)
Jewellery
 g - an uncursed ring of ice {unknown}
Scrolls
 j - a scroll of magic mapping
Potions
 e - 2 potions of flight
 k - a potion of might {unknown}
 l - 2 potions of cancellation
Comestibles
 c - 2 chunks of flesh
 d - 4 rations


   Skills:
 + Level 1.9 Fighting
 + Level 3.3 Dodging
 * Level 4.0 Unarmed Combat
 - Level 2.0 Spellcasting
 + Level 3.3 Transmutations


You had 5 spell levels left.
You knew the following spells:

 Your Spells              Type           Power        Failure   Level  Hunger
a - Beastly Appendage     Tmut           #.....       6%          1    ##.....


Dungeon Overview and Level Annotations

Branches:
Dungeon (2/15)

Altars:
Uskayaw


Innate Abilities, Weirdness & Mutations

You revert to your normal form in water.
You are very nimble and swift while swimming.
You are very stealthy in the water. (Stealth+)
You have a pair of horns on your head.


Message History

The adder is lightly wounded.
You feel sick. The kobold hits you with a short sword. The adder bites you.
You feel sick.
Okay, then.
Casting: Beastly Appendage (safe; 6% risk of failure)
Confirm with . or Enter, or press ? or * to list all spells.
You grow a pair of large bovine horns.
The adder bites you.
You are more poisoned.
The adder poisons you!
The kobold hits you from afar with a spear.
* * * LOW HITPOINT WARNING * * *
The adder bites you.
* * * LOW HITPOINT WARNING * * *
Unknown command.
Unknown command.
It was a potion of haste.
You feel yourself speed up.
* * * LOW HITPOINT WARNING * * *
You feel sick.
The kobold hits you from afar with a spear.
You die...

#..,,,,,,,,,######.#.#*,* *
##.##*..K,,#.* #.#,**,* *
#...,,...,,#.*
#.#,**,*******
#..#**,...,#.*
#.#,,,,,,,,,,, #..#
**,.K.#.* #.#***,,,,,,,,
##..###...#.#.## #.#
*,,****** #(<..>K...$....#
#.# *,,*
#...##...##.#.K#####.# *,,*
..>...,......gKS@....# *,,*
.#...#S..##.#..#######***,,*
.#....,.........,,,,,,,,,,,*
.#.....,....#####*********,*
,...........,,,,,,,,,,,,,,,*
,##########*****************
,* ,* **


You could see an adder, a goblin and 3 kobolds.

Vanquished Creatures
  An ooze (D:1)
  A dart slug (D:1)
  2 leopard geckos (D:1)
  7 bats
  2 giant cockroaches (D:1)
  5 goblins (D:1)
  2 hobgoblins (D:1)
  4 jackals (D:1)
  3 kobolds
  2 frilled lizards (D:1)
  2 rats (D:1)
31 creatures vanquished.

Notes
Turn   | Place    | Note
-------+----------+-------------------------------------------
     0 | D:1      | Infinimo the Merfolk Transmuter began the quest for the Orb.
     0 | D:1      | Reached XP level 1. HP: 15/15 MP: 3/3
   306 | D:1      | Reached XP level 2. HP: 12/21 MP: 3/5
   751 | D:1      | Reached XP level 3. HP: 27/27 MP: 4/6
  1415 | D:2      | Reached skill level 4 in Unarmed Combat
  1480 | D:2      | Found a hide-covered altar of Uskayaw.
  1521 | D:2      | Slain by a kobold

Vault maps used:
D:1:      doesnt_arrival_eight_statues, serial_glass, glass_columns_a,
          glass_columns_a, item_on_display_a, feat_on_display, feat_on_display,
          minmay_strange_pillars
D:2:      overflow_temple_1_default

Skill      XL: |  1  2  3 |
---------------+----------+-----
Dodging        | 3 |  3.3
Transmutations | 3 |  3.3
Unarmed Combat | 4 |  4.0
Fighting       | |  1.9
Spellcasting   | |  2.0

Action                   || total
-------------------------++-------
Melee: Unarmed           ||   104
       Headbutt          ||     8
 Cast: Beastly Appendage ||    18
  Use: Scroll            ||     4
       Potion            ||     1
  Eat: Chunk             ||     2
Armor: Robe              ||    15
Dodge: Dodged            ||    70

Table legend:
 A = Spawn XP
 B = Non-spawn XP
 C = Spawn XP percentage of total XP
 D = Spawn monster count
 E = Non-spawn monster count
 F = Spawn count percentage of total count
 G = Total turns spent on level
                    A         B        C        D         E        F      G
               +---------+---------+-------+---------+---------+-------+---------
         Total |       0 |      61 |   0.0 |       0 |      31 |   0.0 |  1521
               +---------+---------+-------+---------+---------+-------+---------
           D:1 |       0 |      53 |   0.0 |       0 |      26 |   0.0 |  1408
           D:2 |       0 |       8 |   0.0 |       0 |       5 |   0.0 |   113
               +---------+---------+-------+---------+---------+-------+---------
